 Dungeon Crawl Stone Soup version 0.30-a0-219-gf2db51d15e (webtiles) character file.

Game seed: 2194926339936404737

16016 funkygono the Geomancer (level 12, -5/69 HPs)
             Began as a Gargoyle Earth Elementalist on Oct 6, 2022.
             Was an Initiate of Vehumet.
             Shot with an arrow by a centaur (7 damage)
             ... on level 9 of the Dungeon.
             The game lasted 00:24:39 (10475 turns).

funkygono the Geomancer (GrEE)                     Turns: 10475, Time: 00:24:40

Health: -5/69      AC: 18    Str:  9    XL:     12   Next: 33%
Magic:  9/26       EV: 14    Int: 28    God:    Vehumet [......]
Gold:   403        SH:  5    Dex: 16    Spells: 28/32 levels left

rFire   + . .      SeeInvis .    G - +6 flail
rCold   . . .      Faith    .    (no shield)
rNeg    + . .      Spirit   .    a - +0 robe
rPois   ∞          Reflect  +    o - +1 helmet
rElec   +          Harm     .    (no cloak)
rCorr   .          Rampage  +    i - +1 pair of gloves
Will    .....                    (no boots)
Stlth   ++........               f - amulet "Gejomned" {Reflect Rampage *Slow rPois Int+4 SH+5}
HPRegen 0.31/turn                t - ring of Duolof {rF+ Str-4 Int+4 Dex+6 Slay+6}
MPRegen 0.20/turn                k - +4 ring of protection

@: no status effects
A: sickness immunity, AC +8, negative energy resistance 1, electricity
resistance, torment resistance 1, petrification resistance
a: Renounce Religion


You were on level 9 of the Dungeon.
You worshipped Vehumet.
Vehumet was noncommittal.
You visited 2 branches of the dungeon, and saw 10 of its levels.
You also visited: Sewer and Bailey.

You collected 403 gold pieces.

Inventory:

Hand Weapons
 d - a +1 vampiric whip
 e - a +0 morningstar
 z - a +0 whip of electrocution
 C - a +1 whip of flaming
 G - a +6 flail (weapon)
 M - a +1 flail of venom
 R - a +1 vorpal quarterstaff
Armour
 a - a +0 robe (worn)
 i - a +1 pair of gloves (worn)
 o - a +1 helmet (worn)
 r - a +2 plate armour of cold resistance
 x - a +0 troll leather armour {Pargi}
Jewellery
 f - the amulet "Gejomned" (around neck) {Reflect Rampage *Slow rPois Int+4 SH+5}
   (You found it on level 4 of the Dungeon)

   [amulet of reflection]

   It reflects blocked missile attacks.
   Int:       It affects your intelligence (+4).
   rPois:     It protects you from poison.
   *Slow:     It may slow you when you take damage.
   SH:        It affects your SH (+5).
   Rampage:   It bestows one free step when moving towards enemies.
 g - a ring of protection from cold
 k - a +4 ring of protection (right hand)
 s - a ring of protection from cold
 t - the ring of Duolof (left hand) {rF+ Str-4 Int+4 Dex+6 Slay+6}
   (You acquired it on level 8 of the Dungeon)

   [ring of dexterity]

   Str:       It affects your strength (-4).
   Int:       It affects your intelligence (+4).
   Dex:       It affects your dexterity (+6).
   Slay:      It affects your accuracy & damage with ranged weapons and melee
   (+6).
   rF:        It protects you from fire.
 D - a +6 ring of intelligence
 I - a ring of flight
 J - an amulet of faith
 L - an amulet of the acrobat
Wands
 p - a wand of acid (10)
 u - a wand of paralysis (1)
 A - a wand of flame (17)
 E - a wand of iceblast (20)
Scrolls
 j - a scroll of poison
 w - a scroll of amnesia
 y - 3 scrolls of teleportation
 B - 3 scrolls of fear
 H - a scroll of butterflies
 N - a scroll of summoning
 O - a scroll of acquirement
 Q - 2 scrolls of identify
Potions
 b - 5 potions of magic
 c - 2 potions of haste
 h - 2 potions of might
 l - a potion of heal wounds
 m - 5 potions of attraction
 n - a potion of lignification
 q - 4 potions of mutation
 v - 3 potions of brilliance
 F - 2 potions of resistance
 K - a potion of degeneration {unknown}
 P - 2 potions of curing {unknown}


   Skills:
 + Level 5.9 Fighting
 + Level 5.2 Maces & Flails
 + Level 5.4 Dodging
 - Level 2.1 Stealth
 + Level 5.9 Shields
 + Level 10.6 Spellcasting
 + Level 6.9 Conjurations
 + Level 0.7 Transmutations
 + Level 4.6 Fire Magic
 + Level 12.7 Earth Magic


You had 28 spell levels left.
You knew the following spells:

 Your Spells              Type           Power      Damage    Failure   Level
a - Sandblast             Erth           100%       2d20      1%          1
b - Stone Arrow           Conj/Erth      100%       3d13      1%          3

Your spell library contained the following spells:

 Spells                   Type           Power      Damage    Failure   Level
 Passwall                 Tmut/Erth      42%        N/A       1%          2
 Dazzling Flash           Conj/Hex       68%        N/A       2%          3
 Hailstorm                Conj/Ice       34%        3d9       2%          3
 Petrify                  Tmut/Erth      51%        N/A       2%          4
 Apportation              Tloc           28%        N/A       3%          1
 Necrotise                Necr           56%        1d6       3%          1
 Summon Small Mammal      Summ           56%        N/A       3%          1
 Ensorcelled Hibernation  Hex/Ice        28%        N/A       6%          2
 Iskenderun's Mystic Bla  Conj/Tloc      34%        2d8       9%          4
 Spider Form              Tmut/Pois      16%        N/A       10%         3
 Gell's Gravitas          Tloc           14%        N/A       12%         3
 Teleport Other           Tloc           14%        N/A       12%         3
 Ice Form                 Ice/Tmut       16%        N/A       32%         4
 Anguish                  Hex/Necr       7%         N/A       36%         4
 Cause Fear               Hex            7%         N/A       36%         4
 Starburst                Conj/Fire      23%        6d8       47%         6
 Agony                    Necr           14%        N/A       71%         5
 Silence                  Hex/Air        7%         N/A       71%         5
 Summon Forest            Summ/Tloc      7%         N/A       71%         5
 Dispersal                Tloc           7%         N/A       99%         6
 Eringya's Noxious Bog    Tmut/Pois      8%         N/A       99%         6
 Simulacrum               Ice/Necr       7%         N/A       99%         6
 Dragon Form              Tmut           9%         N/A       100%        7
 Summon Hydra             Summ           7%         N/A       100%        7
 Dragon's Call            Summ           7%         N/A       100%        9


Dungeon Overview and Level Annotations

Branches:
Dungeon (9/15)             Temple (1/1) D:5           Sewer (visited)
 Bailey (visited)
   Lair: D:8-11         Orc: D:9-12

Altars:
Ashenzari
Cheibriados
Dithmenos
Elyvilon
Gozag
Hepliaklqana
Kikubaaqudgha
Makhleb
Nemelex Xobeh
Okawaru
Qazlal
Ru
Sif Muna
Uskayaw
Vehumet
Wu Jian
Xom
Zin


Innate Abilities, Weirdness & Mutations

You are immune to sickness and miasma.
Your stone body is resilient. (AC +8)
You are immune to poison.
You resist negative energy. (rN+)
You are resistant to electric shocks. (rElec)
You are resistant to unholy torment.
You are immune to petrification.


Message History

The orc throws a stone.
The stone barely misses you.
Unknown command.
Casting: Sandblast (safe; 1% risk of failure)
Confirm with . or Enter, or press ? or * to list all spells.
Aiming: Sandblast (safe; 1% risk of failure)
Press: ? - help, Shift-Dir - straight line, f/p - orc
Aim: an orc, wielding a +0 morningstar, wearing a +0 chain mail and quivering stones (heavily wounded, 89% to hit)
The blast of sand hits the orc but does no damage.
The orc is heavily wounded.
A centaur comes into view.
It is wielding a +0 vorpal morningstar and carrying a wand of iceblast (6).
The centaur shouts!
You hit the orc.
The orc is almost dead.
You hear a bellow!
The centaur unwields a +0 vorpal morningstar.
The centaur wields a +0 shortbow.
The centaur shoots an arrow.
The arrow completely misses you. You block the orc's attack.
The centaur shoots an arrow.
The arrow hits you.
Unknown command.
You sock the orc!
You kill the orc!
Vehumet accepts your kill.
The centaur shoots an arrow.
The arrow closely misses you.
You hear a shout!
The centaur zaps a wand.
The mass of ice explodes!
The iceblast engulfs you.
The centaur zaps a wand.
The mass of ice explodes!
The iceblast engulfs you!
You hear a shout! x2; You hear a howl!
You hear a shout! x2
The centaur shoots an arrow.
The arrow misses you.
The centaur shoots an arrow.
The arrow hits you!
* * * LOW HITPOINT WARNING * * *
The centaur zaps a wand.
The mass of ice explodes!
The iceblast engulfs you!
* * * LOW HITPOINT WARNING * * *
You hear a bellow!
You hear a shout!
You hear a bellow!
You hear a shout!
A centaur comes into view. It is carrying a wand of mindburst (1).
The centaur zaps a wand.
The mass of ice explodes!
The iceblast engulfs you!
* * * LOW HITPOINT WARNING * * *
A yak comes into view.
The centaur wields a +0 shortbow.
The centaur shoots an arrow.
The arrow hits you!
You die...

.#####......##.# ##........#..#
†##.##......)## ##...##.#.....)
.........)..()## ##....#####.##..
#...#....Y.###.###......## ###...
##.###......#..<.........#.# #.[<
#...#....c..###)...........# #...
.._..........c#............######
#...#.....###................
##.###...####...@..........#.
#...#.....##..............##
..........####............##
.#.........#...............#
.#..................)......#
##..................)..###.#
.....................###
.#....................#
###...###...........##..


You could see a yak and 2 centaurs.

Vanquished Creatures
  2 vault guards (Bailey)
  A boulder beetle (D:9)
  A two-headed ogre (D:9)
  Pikel (D:6)
  Joseph (D:9)
  Prince Ribbit (Bailey)
  A wraith (D:9)
  A wyvern (D:9)
  A yak (D:9)
  2 shadows
  4 humans (Bailey)
  Eustachio (D:6)
  Menkaure (D:6)
  2 water moccasins
  2 orc warriors (D:9)
  Pargi (D:4)
  An ogre (D:5)
  2 centaurs
  A lemure (D:6)
  6 kobold brigands
  12 bullfrogs
  2 gnoll sergeants
  A necrophage (D:5)
  A scorpion (D:7)
  3 wights (D:6)
  4 killer bees (D:9)
  9 howler monkeys
  3 gnoll boudas
  6 hounds
  4 jellies
  4 orc priests
  Ijyb (D:3)
  3 iguanas (D:6)
  5 orc wizards
  22 gnolls
  8 adders
  3 river rats
  2 white imps
  An ufetubus (D:6)
  9 worms
  5 dart slugs
  29 orcs
  6 bats
  12 endoplasms
  9 giant cockroaches
  9 goblins
  11 hobgoblins
  8 jackals
  6 quokkas
  12 ball pythons
  2 frilled lizards
  25 kobolds
  17 rats
287 creatures vanquished.

Notes
Turn   | Place    | Note
-------+----------+-------------------------------------------
     0 | D:1      | funkygono the Gargoyle Earth Elementalist began the quest
                  | for the Orb.
     0 | D:1      | Reached XP level 1. HP: 10/10 MP: 3/3
     1 | D:1      | Found a runed translucent door.
   170 | D:1      | Reached XP level 2. HP: 15/15 MP: 0/5
   452 | D:1      | Found a faded altar of an unknown god.
   461 | D:1      | Reached skill level 4 in Earth Magic
   627 | D:1      | Reached XP level 3. HP: 19/19 MP: 4/6
   632 | D:1      | Learned a level 3 spell: Stone Arrow
  1427 | D:2      | Reached XP level 4. HP: 22/24 MP: 4/8
  1985 | D:2      | Found a sparkling altar of Nemelex Xobeh.
  2128 | D:2      | Reached XP level 5. HP: 28/28 MP: 8/10
  2305 | D:3      | Reached skill level 1 in Conjurations
  2461 | D:3      | Noticed Ijyb
  2466 | D:3      | Killed Ijyb
  2939 | D:3      | Found an ancient bone altar of Kikubaaqudgha.
  3397 | D:4      | Reached skill level 5 in Earth Magic
  3461 | D:4      | Identified the amulet "Gejomned" {Reflect Rampage *Slow
                  | rPois Int+4 SH+5}
  3496 | D:4      | Found a burning altar of Makhleb.
  3508 | D:4      | Reached skill level 1 in Maces & Flails
  3508 | D:4      | Reached XP level 6. HP: 32/32 MP: 8/12
  3628 | D:4      | Found a glowing drain.
  3637 | Sewer    | Entered a sewer
  4166 | Sewer    | Reached XP level 7. HP: 28/36 MP: 9/14
  4343 | Sewer    | Reached skill level 5 in Spellcasting
  4531 | D:4      | Noticed Pargi
  4534 | D:4      | Killed Pargi
  4535 | D:4      | Reached skill level 6 in Earth Magic
  4652 | D:4      | Found a white marble altar of Elyvilon.
  4875 | D:4      | Found a shimmering altar of Xom.
  4876 | D:4      | Found a hazy altar of Hepliaklqana.
  4877 | D:4      | Noticed a spectral ugly thing
  5130 | D:5      | Entered Level 5 of the Dungeon
  5388 | D:5      | Reached XP level 8. HP: 41/41 MP: 8/17
  5445 | D:5      | Found a staircase to the Ecumenical Temple.
  5454 | Temple   | Entered the Ecumenical Temple
  5801 | D:5      | Reached skill level 7 in Earth Magic
  6319 | D:6      | Noticed Pikel
  6322 | D:6      | Paralysed by Pikel for 4 turns
  6335 | D:6      | Killed Pikel
  6336 | D:6      | Reached skill level 8 in Earth Magic
  6434 | D:6      | Noticed Menkaure
  6438 | D:6      | Killed Menkaure
  6439 | D:6      | Reached XP level 9. HP: 37/45 MP: 9/20
  6547 | D:6      | Reached skill level 1 in Shields
  6596 | D:6      | Reached skill level 9 in Earth Magic
  6780 | D:6      | Noticed Eustachio
  6824 | D:6      | Killed Eustachio
  7113 | D:6      | Found a broken altar of Ashenzari.
  7233 | D:6      | Found an opulent altar of Gozag.
  7234 | D:6      | Found an iron altar of Okawaru.
  7433 | D:6      | Reached skill level 5 in Conjurations
  7433 | D:6      | Reached skill level 10 in Earth Magic
  7433 | D:6      | Reached XP level 10. HP: 58/58 MP: 21/23
  7434 | D:6      | Reached skill level 5 in Fighting
  7434 | D:6      | Reached skill level 5 in Maces & Flails
  7434 | D:6      | Reached skill level 5 in Dodging
  7434 | D:6      | Reached skill level 5 in Shields
  7434 | D:6      | Reached skill level 11 in Earth Magic
  7434 | D:6      | Reached XP level 11. HP: 64/64 MP: 21/24
  7741 | D:7      | Found a hide-covered altar of Uskayaw.
  7924 | D:7      | Found a stormy altar of Qazlal.
  8269 | D:8      | Found a flagged portal.
  8278 | Bailey   | Entered a bailey
  8661 | Bailey   | Noticed a vault guard
  8661 | Bailey   | Noticed Prince Ribbit
  8684 | Bailey   | Killed a vault guard
  8685 | Bailey   | Reached skill level 12 in Earth Magic
  8686 | Bailey   | Killed Prince Ribbit
  8823 | Bailey   | Noticed a vault guard
  8846 | Bailey   | Killed a vault guard
  8847 | Bailey   | Reached skill level 10 in Spellcasting
  8860 | Bailey   | Reached XP level 12. HP: 56/69 MP: 13/26
  9349 | D:8      | Identified a scroll of acquirement
  9352 | D:8      | Acquired the ring of Duolof {rF+ Str-4 Int+4 Dex+6 Slay+6}
  9932 | D:9      | Noticed a two-headed ogre
  9945 | D:9      | Killed a two-headed ogre
 10128 | D:9      | Found a radiant altar of Vehumet.
 10141 | D:9      | Became a worshipper of Vehumet
 10190 | D:9      | Noticed Joseph
 10197 | D:9      | Killed Joseph
 10348 | D:9      | Noticed a boulder beetle
 10405 | D:9      | Killed a boulder beetle
 10475 | D:9      | HP: 2/69 [centaur/iceblast (10)]
 10475 | D:9      | Shot with an arrow by a centaur

Illustrated notes

Levels and vault maps discovered:
D:1:      dpeg_arrival_caged_fury, layout_loops_ring,
          chequers_ecumenical_altar_simple_redux, minmay_pentomino_s4
D:2:      minmay_general_purpose_star, layout_rooms, basic_altar,
          chequers_serial_rivers_room_a, kennysheep_generic_room_6
D:3:      layout_basic, nicolae_kikubaaqudgha_miasma_corner, uniq_ijyb
D:4:      layout_cave_pods, regret_index_temple_of_mockery,
          kennysheep_little_box, elyvilon_altar_1, portal_sewer_entry_a,
          uniq_pargi
D:5:      layout_basic, minmay_temple_entry_drinking_statues,
          minmay_misc_feat_more_columns, hangedman_abyss_or_decor_slice,
          minmay_puff
D:6:      layout_loops_ring, ashenzari_conservatory_becter,
          mainiacjoe_overflow_divided_tiny, nicolae_benzene_ring, uniq_pikel,
          uniq_eustachio, uniq_menkaure
D:7:      layout_cave_pools, nicolae_qazlal_eye_of_the_storm,
          nicolae_uskayaw_dance_hall, hangedman_decor_push, corner_web_ring
D:8:      layout_cave_pools, enter_bailey_2
D:9:      layout_cave_pools, vehumet_crystals, lemuel_coloured_pillars_altar,
          general_overflow_altar, hiddenorc1_lemuel, kennysheep_kite_vault,
          uniq_joseph
Temple:   nicolae_temple_bog_church

Skill      XL: |  1  2  3  4  5  6  7  8  9 10 11 |
---------------+----------------------------------+-----
Earth Magic    | 4 5 6 8 10 11 12 | 12.7
Dodging        | 2 4 5 |  5.4
Spellcasting   | 3 4 6 7 9 10 | 10.6
Conjurations   | 1 2 5 6 |  6.9
Maces & Flails | 1 4 5 |  5.2
Shields        | 4 5 |  5.9
Fighting       | 4 5 |  5.9
Fire Magic     | 3 4 |  4.6
Stealth        | |  2.1
Transmutations | |  0.7

Action                   |  1- 3 |  4- 6 |  7- 9 | 10-12 || total
-------------------------+-------+-------+-------+-------++-------
Melee: Unarmed           |     4 |       |       |       ||     4
       Whip              |    20 |    32 |    22 |       ||    74
       Punch             |       |       |     1 |       ||     1
       Flail             |       |       |     2 |    24 ||    26
 Cast: Sandblast         |    57 |   136 |    98 |   134 ||   425
       Stone Arrow       |       |       |    20 |    53 ||    73
  Use: Scroll            |     4 |     9 |     9 |     7 ||    29
       Potion            |       |       |     1 |     2 ||     3
Armor: Robe              |    23 |    33 |    44 |    62 ||   162
Dodge: Dodged            |    52 |    44 |    63 |   109 ||   268
Block: Other             |       |     2 |    21 |    42 ||    65
       Reflection        |       |     1 |       |     4 ||     5

Table legend: (Time is in decaauts)
 A = Elapsed time spent in this place.
 B = Non-inter-level travel time spent in this place.
 C = Inter-level travel time spent in this place.
 D = Time resting spent in this place.
 E = Time spent auto-exploring this place.
 F = Levels seen in this place.
 G = Mean time per level.
                   A        B        C        D        E       F      G
               +--------+--------+--------+--------+--------+-----+--------+
         Total |  10877 |  10383 |    494 |    946 |   7073 |  12 |  906.4 |
       Dungeon |   9058 |   8580 |    478 |    615 |   6080 |   9 | 1006.4 |
        Temple |    181 |    165 |     16 |      0 |    155 |   1 |  181.0 |
         Sewer |    930 |    930 |      0 |      0 |    759 |   1 |  930.0 |
        Bailey |    706 |    706 |      0 |    331 |     78 |   1 |  706.0 |
               +--------+--------+--------+--------+--------+-----+--------+

Top non-repeatable levels by time:
     D:1: 1255 daAuts
     D:6: 1222 daAuts
     D:3: 1169 daAuts
     D:4: 1136 daAuts
     D:2: 1093 daAuts
     D:5: 1058 daAuts
   Sewer: 930 daAuts
     D:9: 745 daAuts
     D:8: 715 daAuts
  Bailey: 706 daAuts
     D:7: 660 daAuts
  Temple: 181 daAuts
